 Dungeon Crawl Stone Soup version 0.25-a0-1002-gbcf8c60d55 (webtiles) character file.

Game seed: 6150774513015159793, levelgen mode: deterministic

93 Harbin the Skirmisher (level 4, -2/36 HPs)
             Began as a Demonspawn Monk on May 11, 2020.
             Killed from afar by an orc wizard (8 damage)
             ... with a magic dart
             ... on level 3 of the Dungeon.
             The game lasted 00:14:47 (2732 turns).

Harbin the Skirmisher (Demonspawn Monk)             Turns: 2732, Time: 00:14:48

Health: -2/36      AC:  7    Str: 13    XL:     4   Next: 37%
Magic:  4/4        EV: 15    Int: 11    God:
Gold:   38         SH:  3    Dex: 15    Spells: 3/3 levels left

rFire    x . .     SeeInvis .     - Unarmed
rCold    + . .     Gourm    .   (no shield)
rNeg     . . .     Faith    .   q - +1 leather armour
rPois    .         Spirit   .   k - +2 helmet
rElec    .         Reflect  +   (no cloak)
rCorr    .         Harm     .   (no gloves)
MR       .....                  (no boots)
Stlth    +++.......             g - +3 amulet of reflection
HPRegen  0.12/turn              i - ring of ice
MPRegen  0.09/turn              (no ring)

@: lightly drained
A: repulsion field 1, nightstalker 1, powered by pain 1
a: no special abilities


You were on level 3 of the Dungeon.
You were not hungry.

You visited 1 branch of the dungeon, and saw 3 of its levels.

You collected 38 gold pieces.

Inventory:

Armour
 a - a +0 robe
 k - a +2 helmet (worn)
 n - a +0 ring mail
 o - a +0 chain mail
 q - a +1 leather armour (worn)
Jewellery
 g - a +3 amulet of reflection (around neck)
 i - a ring of ice (left hand)
Scrolls
 d - 5 scrolls of teleportation
 f - a scroll of enchant weapon
 h - a scroll of identify
 l - a scroll of enchant armour
Potions
 c - 2 potions of haste
 m - a potion of magic
Comestibles
 b - 6 rations
 j - a chunk of flesh


   Skills:
 + Level 3.6(3.0) Fighting
 + Level 1.6(1.1) Armour
 + Level 3.3(2.7) Dodging
 - Level 1.7(1.2) Stealth
 + Level 3.3(2.8) Unarmed Combat


You had 3 spell levels left.
You didn't know any spells.
Your spell library was empty.

Dungeon Overview and Level Annotations

Branches:
Dungeon (3/15)

Altars:
Yredelemnul


Innate Abilities, Weirdness & Mutations

You are surrounded by a mild repulsion field. (EV +2)
You are slightly more attuned to the shadows.
You sometimes gain a little power by taking damage.


Message History

The orc wizard gestures wildly while chanting.
The orc wizard blinks!
The orc hits you but does no damage.
You feel drained.
The orc wizard gestures wildly while chanting.
The orc wizard blinks!
The orc wizard casts a spell at you. The puff of flame hits you.
The fire burns you terribly!
The orc wizard hits you but does no damage.
You hit the orc wizard but do no damage.
The orc wizard gestures at you while chanting.
The magic dart hits you.
* * * LOW HITPOINT WARNING * * *
The orc wizard closely misses you.
It was a potion of magic.
Magic courses through your body.
The orc wizard hits you but does no damage.
There isn't anything here!
It was a potion of cancellation.
You feel magically purged.
The orc wizard hits you but does no damage.
The orc wizard gestures at you while chanting.
The magic dart hits you!
You die...

#........ #........
###########........
##.........#........
#..........[........
......o....#........
#....oor.o.##.......
#..##o#######.....o
#@# .#.##o #.# .#.#
#.# <# # #.# .. #.#
... #.. #.#


You could see 2 orc wizards, 2 orcs and a quokka.

Vanquished Creatures
  3 adders (D:2)
  2 oozes (D:1)
  A dart slug (D:2)
  A leopard gecko (D:2)
  An orc (D:3)
  2 giant cockroaches
  2 goblins
  12 hobgoblins
  3 jackals (D:2)
  4 quokkas
  A ball python (D:2)
  6 bats
  3 frilled lizards
  6 kobolds
  6 rats
53 creatures vanquished.

Notes
Turn   | Place    | Note
-------+----------+-------------------------------------------
     0 | D:1      | Harbin the Demonspawn Monk began the quest for the Orb.
     0 | D:1      | Reached XP level 1. HP: 18/18 MP: 1/1
   269 | D:1      | Gained mutation: You are surrounded by a mild repulsion
                  | field. (EV +2) [demonic ancestry]
   269 | D:1      | Reached XP level 2. HP: 16/24 MP: 2/2
  1071 | D:1      | Reached skill level 1 in Armour
  1115 | D:1      | Gained mutation: You sometimes gain a little power by
                  | taking damage. [demonic ancestry]
  1115 | D:1      | Reached XP level 3. HP: 21/29 MP: 3/3
  2083 | D:2      | Gained mutation: You are slightly more attuned to the
                  | shadows. [demonic ancestry]
  2083 | D:2      | Reached XP level 4. HP: 34/35 MP: 4/4
  2103 | D:2      | Found a basalt altar of Yredelemnul.
  2732 | D:3      | Killed from afar by an orc wizard

Illustrated notes

Levels and vault maps discovered:
D:1:      psy_arrival_heroes, layout_basic
D:2:      layout_basic, yredelemnul_altar_generic, roderic_lattice_a
D:3:      layout_rooms, overflow_temple_1_default,
          chequers_ecumenical_altar_simple_redux, first_ration,
          chequers_serial_rivers_room_a

Skill      XL: |  1  2 |
---------------+-------+-----
Unarmed Combat | 3 |  3.3
Dodging        | 3 |  3.3
Armour         | 1 |  1.6
Fighting       | |  3.6
Stealth        | |  1.7

Action                   |  1- 3 |  4- 6 || total
-------------------------+-------+-------++-------
Melee: Unarmed           |   200 |    73 ||   273
       Punch             |     1 |       ||     1
  Use: Scroll            |       |     6 ||     6
       Potion            |       |     2 ||     2
 Stab: Sleeping          |     7 |     4 ||    11
  Eat: Chunk             |     4 |     2 ||     6
Armor: Robe              |    32 |       ||    32
       Ring mail         |     2 |       ||     2
       Leather armour    |       |    12 ||    12
Dodge: Dodged            |   141 |    37 ||   178
Block: Other             |    13 |     5 ||    18

Table legend:
 A = Non-vault XP
 B = Vault XP
 C = Vault XP percentage of total XP
 D = Non-vault monster count
 E = Vault monster count
 F = Vault count percentage of total count
                 A         B        C        D         E       F
            +---------+---------+-------+---------+---------+-------
      Total |     134 |       0 |   0.0 |      53 |       0 |   0.0
            +---------+---------+-------+---------+---------+-------
        D:1 |      43 |       0 |   0.0 |      21 |       0 |   0.0
        D:2 |      85 |       0 |   0.0 |      29 |       0 |   0.0
        D:3 |       6 |       0 |   0.0 |       3 |       0 |   0.0
            +---------+---------+-------+---------+---------+-------
